Map: Ruins of Seras

Players

WhiteRa

  • Race: Protoss Protoss
  • League: Master

TheGiantNome - Winner!

  • Race: Zerg Zerg
  • League: Master

VOD

Have the link to the VOD?

Description

Time

  • Played on: Dec. 10, 2015, 12:32 a.m.
  • Length: 4:47
Show
View Real Time Build Order
Export as new Build Order

WhiteRa Protoss 

Build Orders:  

Get SALT Encoding   

  12  0:01  Probe (Chrono Boost)  
  13  0:11  Probe (Chrono Boost)  
  14  0:20  Pylon  
  14  0:23  Probe (Chrono Boost)  
  15  0:38  Probe (Chrono Boost)  
  16  0:49  Probe (Chrono Boost)  
  17  1:00  Probe (Chrono Boost)  
  18  1:06  Nexus  
  18  1:11  Probe (Chrono Boost)  
  19  1:20  Gateway  
  19  1:23  Probe (Chrono Boost)  
  20  1:33  Pylon  
  20  1:35  Probe (Chrono Boost)  
  20  1:37  Assimilator  
  21  1:42  Assimilator  
  21  1:47  Probe (Chrono Boost)  
  22  1:58  Probe (Chrono Boost)  
  23  2:03  Forge  
  22  2:08  Cybernetics Core  
  22  2:14  Zealot (Chrono Boost)  
  24  2:19  Probe  
  25  2:27  Pylon  
  24  2:38  Photon Cannon  
  26  2:54  Pylon  
  26  2:59  Pylon  
  26  3:00  Zealot (Chrono Boost)  
  26  3:06  Pylon  
  26  3:15  Pylon  
  26  3:17  Mothership Core  
  28  3:30  Pylon  
  28  3:35  Adept (Chrono Boost)  
  22  3:58  Stalker (Chrono Boost), Pylon  
  24  4:09  Pylon  
Show
View Real Time Build Order
Export as new Build Order

TheGiantNome Zerg - Winner!

Build Orders: Pool First 

Get SALT Encoding   

  12  0:01  Drone  
  13  0:24  Spawning Pool  
  12  0:31  Drone x2  
  14  0:36  Extractor  
  14  0:39  Drone  
  15  0:48  Overlord  
  15  1:12  Zergling x4  
  15  1:15  Zergling x2  
  18  1:23  Extractor  
  17  1:29  Zergling x2  
  17  1:30  Roach Warren  
  17  1:45  Hatchery  
  16  1:51  Zergling x2  
  17  2:03  Zergling x4  
  18  2:57  Roach  
  18  2:58  Queen  
  22  3:13  Roach  
  24  3:22  Roach  
  26  3:30  Roach  
  27  3:41  Queen  
  27  3:54  Overlord  
  24  4:04  Roach x2  
Tags
 
Add a new tag
Caveats
  • Supply blocks, unpowered buildings, or Contaminate may cause inaccurate times.
  • Supply counts are checked every 10 seconds.